 Dungeon Crawl Stone Soup version 0.21.1-1-g345015f (webtiles) character file.

136 tidbits the Charmwright (level 5, 6/43 HPs)
             Began as a Gnoll Skald on June 20, 2018.
             Quit the game on level 4 of the Dungeon.
             The game lasted 00:05:08 (487 turns).

tidbits the Charmwright (Gnoll Skald)                Turns: 487, Time: 00:05:09

Health: 6/43       AC:  3    Str: 11 (13) XL:     5   Next: 19%
Magic:  4/12       EV: 14    Int: 21 (22) God:
Gold:   62         SH:  0    Dex: 13 (14) Spells: 3/14 levels left

rFire    . . .     SeeInvis .   a - +0 hand axe
rCold    . . .     Gourm    .   (no shield)
rNeg     . . .     Faith    .   b - +0 leather armour
rPois    .         Spirit   .   (no helmet)
rElec    .         Reflect  .   (no cloak)
rCorr    .         Harm     .   (no gloves)
MR       .....                  (no boots)
Stlth    +.........             (no amulet)
HPRegen  0.14/turn              (no ring)
MPRegen  0.13/turn              (no ring)

@: brilliant, lethally poisoned (6 -> 0)
A: distributed training, fangs 1, strong nose
a: no special abilities


You were on level 4 of the Dungeon.
You were not hungry.

You visited 1 branch of the dungeon, and saw 5 of its levels.

You collected 62 gold pieces.

Inventory:

Hand Weapons
 a - a +0 hand axe (weapon)
 m - a +0 flail
Missiles
 l - 3 tomahawks (quivered)
Armour
 b - a +0 leather armour (worn)
Scrolls
 e - 2 scrolls of enchant armour {unknown}
 f - a scroll of remove curse {unknown}
 g - 2 scrolls of enchant weapon {unknown}
 h - a scroll of blinking {unknown}
 j - a scroll of teleportation {unknown}
 k - a scroll of identify {unknown}
 o - a scroll of magic mapping {unknown}
Potions
 i - a potion of degeneration
Books
 c - a book of Battle

   Spells                             Type                      Level
   a - Infusion                       Charms                       1
   b - Shroud of Golubria             Charms/Translocation         2
   c - Song of Slaying                Charms                       2
   d - Spectral Weapon                Hexes/Charms                 3
   e - Regeneration                   Charms/Necromancy            3
Comestibles
 d - 3 rations


   Skills:
 + Level 4.7 Fighting
 + Level 1.3 Short Blades
 + Level 1.3 Long Blades
 + Level 4.7 Axes
 + Level 1.3 Maces & Flails
 + Level 1.3 Polearms
 + Level 1.3 Staves
 + Level 1.3 Slings
 + Level 1.3 Bows
 + Level 1.3 Crossbows
 + Level 1.3 Throwing
 + Level 2.9 Armour
 + Level 4.7 Dodging
 + Level 1.3 Stealth
 + Level 1.3 Shields
 + Level 1.3 Unarmed Combat
 + Level 5.1 Spellcasting
 + Level 1.1 Conjurations
 + Level 1.1 Hexes
 + Level 5.5 Charms
 + Level 1.1 Summonings
 + Level 1.1 Necromancy
 + Level 1.1 Translocations
 + Level 1.1 Transmutations
 + Level 1.1 Fire Magic
 + Level 1.1 Ice Magic
 + Level 1.1 Air Magic
 + Level 1.1 Earth Magic
 + Level 1.1 Poison Magic
 + Level 1.5 Invocations
 + Level 1.3 Evocations


You had 3 spell levels left.
You knew the following spells:

 Your Spells              Type           Power        Failure   Level  Hunger
g - Shroud of Golubria    Chrm/Tloc      ####......   1%          2    None
i - Infusion              Chrm           ####         1%          1    None
r - Regeneration          Chrm/Necr      ####......   1%          3    ##.....
w - Spectral Weapon       Hex/Chrm       ####....     1%          3    ##.....
y - Song of Slaying       Chrm           #####...     1%          2    None


Dungeon Overview and Level Annotations

Branches:
Dungeon (5/15)
 Temple: D:4-7

Altars:

Annotations:
D:4 Menkaure


Innate Abilities, Weirdness & Mutations

Your experience applies equally to all skills.
You have very sharp teeth.
Your uncanny sense of smell can sniff out nearby items.


Message History

The centaur zombie closely misses you.
You climb upwards.
The orc wizard shouts!
The jackal barks! x2
A jackal and 4 orcs come into view.
The orc shouts!
The jackal barks!
The orc shouts!
The jackal misses you. The orc misses you.
The orc wizard gestures wildly while chanting.
The orc wizard flickers and vanishes!
The orc shouts!
Found 23 stones.
Found a stone staircase leading up.
There is a stone staircase leading down here.
The jackal misses you.
An adder comes into view.
The jackal barely misses you.
A centaur skeleton comes into view.
Casting: Regeneration
Confirm with . or Enter, or press ? or * to list all spells.
You start singing a song of slaying.
The jackal bites you but does no damage.
Unknown command.
You hit the jackal but do no damage. Your bite misses the jackal.
The jackal barely misses you. x2
You hit the jackal.
The jackal is severely wounded.
The jackal bites you but does no damage.
The jackal barely misses you.
There is a stone staircase leading up here.
Unknown command.
You barely miss the jackal.
The jackal is heavily wounded.
You hit the jackal. The jackal closely misses you.
You hit the jackal.
You kill the jackal!
You completely miss the jackal. The orc barely misses you.
The jackal bites you but does no damage.
The jackal misses you.
You slash the jackal!
You kill the jackal!
You closely miss the jackal. The jackal bites you. The orc closely misses you.
Unknown command.
The jackal misses you. The orc barely misses you. The orc misses you.
The jackal bites you but does no damage.
You climb upwards.
Found 14 gold pieces.
There is a stone staircase leading down here.
Unknown command.
You hit the jackal but do no damage. You hit the orc.
The jackal completely misses you. The orc hits you but does no damage.
You hit the jackal.
The jackal is moderately wounded.
You hit the orc. The jackal completely misses you.
The orc completely misses you. The jackal barely misses you.
You hit the jackal.
The jackal is severely wounded.
You closely miss the orc. The jackal barely misses you.
The orc hits you but does no damage.
You hit the orc.
You kill the orc!
You closely miss the jackal.
The jackal bites you but does no damage.
The jackal misses you.
You hit the jackal.
You kill the jackal!
Things that are here:
a dagger; a leather armour You see here 14 gold pieces.
You now have 62 gold pieces (gained 14).
Your song is almost over.
Things that are here:
a dagger; a leather armour
There is a stone staircase leading down here.
You climb downwards.
The adder barely misses you. The adder bites you.
You are poisoned.
The adder poisons you! The orc hits you with a trident.
The orc completely misses you.
Menkaure, Prince of Dust comes into view.
There is a stone staircase leading up, spattered with blood here.
Unknown command.
You barely miss the orc. You hit the adder.
You feel sick. The adder bites you.
* * * LOW HITPOINT WARNING * * *
You are more poisoned.
The adder poisons you! The orc misses you. The orc closely misses you.
The adder bites you.
* * * LOW HITPOINT WARNING * * *
It was a potion of degeneration.
There was something very wrong with that liquid.
You feel weakened.
You feel dopey.
You feel clumsy.
You feel sick. The orc completely misses you. The adder closely misses you.
The orc wizard hits you but does no damage.
The orc closely misses you.
Unknown command.
It was a potion of brilliance.
You feel clever all of a sudden.
Your song has ended.
The adder bites you but does no damage. The orc completely misses you.
The orc wizard hits you but does no damage.
The orc hits you from afar with a trident!
* * * LOW HITPOINT WARNING * * *
Unknown command.
Are you sure you want to abandon this character and quit the game? (Confirm with "yes".)

#.##.#.# ##
#.#..#.#### .#
#.#..#.#.. . .#
#.#..#.#.###.. .#
#.#..#.h...... .####
# #.o..#........
....##.
..###.#o##.#........
........
......S@ooM.>.......
....#.##
############........
....# # .........
....# ###S......
##+## (###### .# .#
.#


You could see Menkaure, an orc wizard, an adder and 3 orcs.

Vanquished Creatures
  An orc priest (D:4)
  3 adders
  2 oozes (D:1)
  A dart slug (D:4)
  3 leopard geckos (D:3)
  9 orcs
  2 bats (D:1)
  2 goblins (D:3)
  A hobgoblin (D:3)
  6 jackals
  A frilled lizard (D:2)
  2 kobolds
  A rat (D:2)
34 creatures vanquished.

Vanquished Creatures (others)
  An orc wizard (D:4)
1 creature vanquished.

Grand Total: 35 creatures vanquished

Notes
Turn   | Place    | Note
-------+----------+-------------------------------------------
     0 | D:1      | tidbits the Gnoll Skald began the quest for the Orb.
     0 | D:1      | Reached XP level 1. HP: 20/20 MP: 6/6
    44 | D:1      | Reached XP level 2. HP: 25/26 MP: 3/7
    48 | D:1      | Learned a level 2 spell: Song of Slaying
    51 | D:1      | Learned a level 2 spell: Shroud of Golubria
   131 | D:2      | Reached XP level 3. HP: 28/31 MP: 2/9
   137 | D:2      | Reached skill level 5 in Spellcasting
   145 | D:2      | Learned a level 3 spell: Regeneration
   149 | D:2      | Learned a level 3 spell: Spectral Weapon
   205 | D:3      | Reached skill level 1 in Invocations
   300 | D:3      | Reached skill level 1 in Short Blades
   300 | D:3      | Reached skill level 1 in Long Blades
   300 | D:3      | Reached skill level 1 in Maces & Flails
   300 | D:3      | Reached skill level 1 in Polearms
   300 | D:3      | Reached skill level 1 in Staves
   300 | D:3      | Reached skill level 1 in Slings
   300 | D:3      | Reached skill level 1 in Bows
   300 | D:3      | Reached skill level 1 in Crossbows
   300 | D:3      | Reached skill level 1 in Throwing
   300 | D:3      | Reached skill level 1 in Stealth
   300 | D:3      | Reached skill level 1 in Shields
   300 | D:3      | Reached skill level 1 in Unarmed Combat
   300 | D:3      | Reached skill level 1 in Evocations
   306 | D:3      | Reached XP level 4. HP: 19/38 MP: 4/11
   420 | D:4      | Reached skill level 1 in Conjurations
   420 | D:4      | Reached skill level 1 in Hexes
   420 | D:4      | Reached skill level 1 in Summonings
   420 | D:4      | Reached skill level 1 in Necromancy
   420 | D:4      | Reached skill level 1 in Translocations
   420 | D:4      | Reached skill level 1 in Transmutations
   420 | D:4      | Reached skill level 1 in Fire Magic
   420 | D:4      | Reached skill level 1 in Ice Magic
   420 | D:4      | Reached skill level 1 in Air Magic
   420 | D:4      | Reached skill level 1 in Earth Magic
   420 | D:4      | Reached skill level 1 in Poison Magic
   421 | D:4      | Reached XP level 5. HP: 15/43 MP: 3/12
   452 | D:5      | Entered Level 5 of the Dungeon
   484 | D:4      | Noticed Menkaure
   487 | D:4      | Quit the game

Skill      XL: |  1  2  3  4 |
---------------+-------------+-----
Spellcasting   | 5 |  5.1
Invocations    | 1 |  1.5
Short Blades   | 1 |  1.3
Long Blades    | 1 |  1.3
Maces & Flails | 1 |  1.3
Polearms       | 1 |  1.3
Staves         | 1 |  1.3
Slings         | 1 |  1.3
Bows           | 1 |  1.3
Crossbows      | 1 |  1.3
Throwing       | 1 |  1.3
Stealth        | 1 |  1.3
Shields        | 1 |  1.3
Unarmed Combat | 1 |  1.3
Evocations     | 1 |  1.3
Conjurations   | 1 |  1.1
Hexes          | 1 |  1.1
Summonings     | 1 |  1.1
Necromancy     | 1 |  1.1
Translocations | 1 |  1.1
Transmutations | 1 |  1.1
Fire Magic     | 1 |  1.1
Ice Magic      | 1 |  1.1
Air Magic      | 1 |  1.1
Earth Magic    | 1 |  1.1
Poison Magic   | 1 |  1.1
Fighting       | |  4.7
Axes           | |  4.7
Armour         | |  2.9
Dodging        | |  4.7
Charms         | |  5.5

Action                   |  1- 3 |  4- 6 || total
-------------------------+-------+-------++-------
Melee: Hand axe          |    46 |    36 ||    82
       Bite              |     1 |     5 ||     6
       Punch             |       |     1 ||     1
 Cast: Infusion          |     5 |       ||     5
       Spectral Weapon   |     2 |     2 ||     4
       Song of Slaying   |     1 |     3 ||     4
       Regeneration      |       |     2 ||     2
       Shroud of Golubri |       |     1 ||     1
  Use: Potion            |       |     2 ||     2
Armor: Leather armour    |    12 |    16 ||    28
Dodge: Dodged            |    36 |    40 ||    76

Table legend:
 A = Turns spent in this place as a percentage of turns spent in the entire game.
 B = Non-inter-level travel turns spent in this place as a percentage of non-inter-level travel turns spent in the entire game.
 C = Inter-level travel turns spent in this place as a percentage of turns spent in this place.
 D = Turns resting spent in this place as a percentage of non-inter-level travel turns spent in this place.
 E = Turns spent auto-exploring this place as a percentage of non-inter-level travel turns spent in this place.
 F = Non-inter-level travel turns spent in this place divided by the number of levels of this place that you've seen.
                   A       B       C       D       E      F
               +-------+-------+-------+-------+-------+----------------------
         Total | 100.0 | 100.0 |   0.0 |   0.0 |   0.0 |  97.4
       Dungeon | 100.0 | 100.0 |   0.0 |   0.0 |   0.0 |  97.4
               +-------+-------+-------+-------+-------+----------------------

Table legend:
 A = Kills in this place as a percentage of kills in entire the game.
 B = Kills by you in this place as a percentage of kills by you in the entire game.
 C = Kills by friends in this place as a percentage of kills by friends in the entire game.
 D = Other kills in this place as a percentage of other kills in the entire game.
 E = Experience gained in this place as a percentage of experience gained in the entire game.
 F = Experience gained in this place divided by the number of levels of this place that you have seen.
                   A       B       C       D       E      F
               +-------+-------+-------+-------+-------+----------------------
         Total | 100.0 | 100.0 |   N/A | 100.0 | 100.0 |  39.0
       Dungeon | 100.0 | 100.0 |   N/A | 100.0 | 100.0 |  39.0
               +-------+-------+-------+-------+-------+----------------------

Vault maps used:
D:1:      dpeg_arrival_rooms_c
D:3:      first_ration, wad_floor_pattern_untrapped, uniq_robin, uniq_jessica
D:4:      minmay_tree_intersection, uniq_menkaure
D:5:      minmay_temple_entry_glassed_door
